 Dungeon Crawl Stone Soup version 0.19-a0-1704-gbd66c22 (webtiles) character file.

350 TheGoonsmith the Digger (level 6, -4/32 HPs)
             Began as a Gargoyle Earth Elementalist on Sept 27, 2016.
             Killed by divine providence
             ... invoked by an orc priest
              (12 damage)
             ... on level 4 of the Dungeon.
             The game lasted 00:06:50 (4057 turns).

TheGoonsmith the Digger (GrEE)                      Turns: 4057, Time: 00:06:50

Health: -4/32      AC:  9    Str: 12    XL:     6   Next: 60%
Magic:  7/11       EV: 12    Int: 17    God:
Gold:   161        SH:  0    Dex: 10    Spells: 3 memorised, 3 levels left

rFire  . . .     SeeInvis .     a - -2 halberd (curse)
rCold  . . .     Gourm    .     c - +0 robe
rNeg   + . .     Faith    .     (shield currently unavailable)
rPois  ∞         Spirit   .     p - +0 helmet
rElec  +         Dismiss  .     o - +0 cloak
rCorr  .         Reflect  .     (no gloves)
MR     .....     Harm     .     (no boots)
Stlth  ++........               (no amulet)
                                (no ring)
                                (no ring)

@: no status effects
A: negative energy resistance 1, electricity resistance, unbreathing,
petrification resistance, rot immunity, AC +4
a: no special abilities


You were on level 4 of the Dungeon.
You were very hungry.

You visited 1 branch of the dungeon, and saw 4 of its levels.

You collected 161 gold pieces.

Inventory:

Hand Weapons
 a - a cursed -2 halberd (weapon)
 t - a +0 dagger
Missiles
 b - 118 stones (quivered)
Armour
 c - a +0 robe (worn)
 o - a +0 cloak (worn)
 p - a +0 helmet (worn)
Magical Staves
 q - an uncursed staff of cold {unknown}
Jewellery
 l - an uncursed amulet of guardian spirit {unknown}
 u - a +5 ring of dexterity {unknown}
Wands
 k - a wand of enslavement (8/24)
 v - a wand of random effects (22/48)
Scrolls
 g - a scroll of amnesia
 h - a scroll of blinking
 r - a scroll of identify
Potions
 f - a potion of curing {unknown}
 m - 2 potions of mutation
 s - 2 potions of might {unknown}
 w - a potion of brilliance {unknown}
 z - a potion of flight {unknown}
Books
 e - a book of Geomancy

   Spells                             Type                      Level
   a - Sandblast                      Earth                        1
   b - Passwall                       Transmutation/Earth          2
   c - Stone Arrow                    Conjuration/Earth            3
   d - Petrify                        Transmutation/Earth          4
   e - Lee's Rapid Deconstruction     Earth                        5
 y - a book of Unlife

   Spells                             Type                      Level
   a - Recall                         Summoning/Translocation      3
   b - Animate Dead                   Necromancy                   4
   c - Control Undead                 Necromancy                   4
   d - Cigotuvi's Embrace             Necromancy                   5
   e - Death Channel                  Necromancy                   6
   f - Simulacrum                     Ice/Necromancy               6
Comestibles
 d - 3 bread rations
 j - 2 beef jerkies
 n - a slice of pizza
 x - a royal jelly


   Skills:
 - Level 1.5 Dodging
 - Level 2.1 Stealth
 + Level 3.6 Spellcasting
 * Level 2.8 Conjurations
   Level 0.7 Transmutations
 * Level 6.8 Earth Magic


You had 3 spell levels left.
You knew the following spells:

 Your Spells              Type           Power        Failure   Level  Hunger
a - Sandblast             Erth           ####..       1%          1    None
b - Stone Arrow           Conj/Erth      ###...       10%         3    ###....
z - Lee's Rapid Deconstr  Erth           ####......   30%         5    ######.


Dungeon Overview and Level Annotations

Branches:
Dungeon (4/15)
 Temple: D:4-7

Altars:
Nemelex Xobeh
The Shining One

Annotations:
D:3 TheGoonsmith's ghost, amateur GrEE


Innate Abilities, Weirdness & Mutations

You are resistant to torment.
Your stone body is resilient. (AC +4)
You are immune to poison.
You resist negative energy. (rN+)
You are resistant to electric shocks. (rElec)
You can survive without breathing.
You are immune to petrification.
You are immune to rotting.


Message History

Confirm with . or Enter, or press ? or * to list all spells.
Aiming: Sandblast
Press: ? - help, Shift-Dir - straight line, f/p - orc priest
Aim: an orc priest, wielding a war axe (severely wounded)
The blast of sand hits the orc priest.
The orc priest is severely wounded.
The orc priest calls down the wrath of Beogh upon you.
Pain shoots through your body!
* * * LOW HITPOINT WARNING * * *
Casting: Sandblast
Confirm with . or Enter, or press ? or * to list all spells.
Aiming: Sandblast
Press: ? - help, Shift-Dir - straight line, f/p - orc priest
Aim: an orc priest, wielding a war axe (severely wounded)
The blast of sand hits the orc priest.
You kill the orc priest!
The orc priest miscasts a cantrip.
The orc priest mumbles some strange prayers to Beogh against you.
Beogh smites you!
You die...

#.........# ##...#.# #.#.#.
#.###..##.# #.....# #..###
#.# ##.# # ##.#### #....#
#.####.##.# #o# ##.#.#
#.......<.# ##'## ##...
######.#### ##...## ##.#
##.# ##o)...## ###.# ##..#
##.......## ##.#.#
##...####.@.......####....#
#.......'......)..'........
##...####.........###....##
#.......##.......## #.#.##
#.##.##.###.....## #.###
#.##.##.# ##...## #.#
#.##.##.# ##)## #.#
#.##.##.# #.# #.# #.##.##.#
#.# #.#


You could see an orc priest and an orc.

Vanquished Creatures
  A scorpion (D:4)
  A hound (D:4)
  An orc priest (D:4)
  An orc wizard (D:4)
  Natasha (D:2)
  Robin (D:2)
  3 gnolls (D:2)
  4 adders
  An ooze (D:3)
  6 worms
  A dart slug (D:2)
  3 leopard geckos
  3 orcs
  7 bats
  2 giant cockroaches
  18 goblins
  9 hobgoblins
  7 jackals
  6 kobolds
  2 quokkas
  2 ball pythons (D:2)
  2 frilled lizards
  2 rats
84 creatures vanquished.

Notes
Turn   | Place    | Note
-------+----------+-------------------------------------------
     0 | D:1      | TheGoonsmith the Gargoyle Earth Elementalist began the quest for the Orb.
     0 | D:1      | Reached XP level 1. HP: 10/10 MP: 3/3
   171 | D:1      | Reached skill level 4 in Earth Magic
   199 | D:1      | Reached XP level 2. HP: 8/15 MP: 0/5
   552 | D:2      | Noticed Robin
   973 | D:1      | Reached XP level 3. HP: 18/19 MP: 1/6
  1318 | D:2      | Killed Robin
  1323 | D:2      | Reached skill level 5 in Earth Magic
  1337 | D:2      | Reached XP level 4. HP: 19/24 MP: 0/8
  1598 | D:2      | Found a sparkling altar of Nemelex Xobeh.
  1970 | D:2      | Reached XP level 5. HP: 28/28 MP: 2/9
  2102 | D:2      | Learned a level 3 spell: Stone Arrow
  2120 | D:2      | Noticed Natasha
  2215 | D:2      | Killed Natasha
  2215 | D:2      | Reached skill level 6 in Earth Magic
  2583 | D:3      | Reached skill level 1 in Conjurations
  2637 | D:3      | Learned a level 5 spell: Lee's Rapid Deconstruction
  2768 | D:3      | Found a glowing golden altar of the Shining One.
  2872 | D:3      | Noticed TheGoonsmith's ghost (amateur GrEE)
  3226 | D:4      | Reached XP level 6. HP: 32/32 MP: 3/11
  4057 | D:4      | Killed from afar by an orc priest

Vault maps used:
D:1:      minmay_arrival_five_plusses
D:2:      nemelex_diamond_rough_becter, uniq_natasha, uniq_robin
D:3:      nicolae_overflow_hidden_temple, fedhas_altar_1,
          nicolae_overflow_crystal_walls, nicolae_tso_swordbearing_angel,
          st_stairs_14
D:4:      grunt_ministairs_9, serial_bayou_lagoon_b, uniq_sigmund

Skill      XL: |  1  2  3  4  5 |
---------------+----------------+-----
Earth Magic    | 4 5 6 |  6.8
Spellcasting   | 3 |  3.6
Conjurations   | 2 |  2.8
Dodging        | |  1.5
Stealth        | |  2.1
Transmutations | |  0.7

Action                   |  1- 3 |  4- 6 || total
-------------------------+-------+-------++-------
Melee: Unarmed           |    15 |       ||    15
       Dagger            |    28 |    16 ||    44
       Halberd           |       |    40 ||    40
 Cast: Sandblast         |    52 |   150 ||   202
  Use: Scroll            |       |     7 ||     7
  Eat: Chunk             |     2 |     7 ||     9
Armor: Robe              |    24 |    67 ||    91
Dodge: Dodged            |    41 |   103 ||   144
